| TOP OF THE 1ST |
|
University of Michigan Wolverines batting - Pitching for Clemson University Tigers : RHP John Turner
|
|
Pitching: RHP John Turner
|
|
|
Batting: RHB Chris Williamson
|
0-0: Ball 1-0: Ball 2-0: Swinging Strike 2-1: Ball 3-1: Foul Ball, location: 2F 3-2: Ground out 5-3 (Groundball, 5, EV 80.6 MPH)
|
|
Batting: LHB Omar Gutierrez
|
0-0: Ball 1-0: Fly out, F7 (Flyball, 78M, EV 89.4 MPH)
|
|
Batting: RHB Danny Arroyo
|
0-0: Ball 1-0: Ground out 4-3 (Groundball, 4, EV 80.6 MPH)
|
| Top of the 1st over - 0 runs, 0 hits, 0 errors, 0 left on base; University of Michigan 0 - Clemson University 0 |
| BOTTOM OF THE 1ST |
|
Clemson University Tigers batting - Pitching for University of Michigan Wolverines : RHP Henrik Berg
|
|
Pitching: RHP Henrik Berg
|
|
|
Batting: LHB Mario Nunez
|
0-0: Called Strike 0-1: Ball 1-1: Ball 2-1: Ball 3-1: Base on Balls
|
|
Batting: LHB Steve Gates
|
0-0: Called Strike 0-1: Called Strike Mario Nunez steals 2nd base 0-2: Ground out U3 (Groundball, 34, EV 102.5 MPH) Mario Nunez to third
|
|
Batting: RHB Josh LeSage
|
0-0: SINGLE (Groundball, 6MD, EV 95.6 MPH) Mario Nunez scores
|
|
Batting: LHB George Jedinak
|
0-0: Called Strike 0-1: Called Strike 0-2: Ball 1-2: Grounds into double play, 4-6-3 (Groundball, 4, EV 89.4 MPH)
|
| Bottom of the 1st over - 1 run, 1 hit, 0 errors, 0 left on base; University of Michigan 0 - Clemson University 1 |
| TOP OF THE 2ND |
|
University of Michigan Wolverines batting - Pitching for Clemson University Tigers : RHP John Turner
|
|
Batting: RHB Quirino Portel
|
0-0: SINGLE (Groundball, 56S, EV 98.1 MPH)
|
|
Batting: LHB Lance Sabo
|
0-0: Ball Wild Pitch! Quirino Portel to second 1-0: Ball 2-0: Called Strike 2-1: Foul Ball, location: 2F 2-2: Fly out, F7 (Flyball, 78S, EV 90.0 MPH)
|
|
Batting: RHB Aaron Marakovits
|
0-0: Ball 1-0: Ground out 5-3 (Groundball, 5, EV 81.2 MPH)
|
|
Batting: RHB Mario Cruz
|
0-0: Ball 1-0: Ball 2-0: Swinging Strike 2-1: Ball 3-1: Called Strike 3-2: Strikes out swinging, 2-3 out at first.
|
| Top of the 2nd over - 0 runs, 1 hit, 0 errors, 1 left on base; University of Michigan 0 - Clemson University 1 |
| BOTTOM OF THE 2ND |
|
Clemson University Tigers batting - Pitching for University of Michigan Wolverines : RHP Henrik Berg
|
|
Batting: RHB Jason Duncan
|
0-0: Ball 1-0: Ball 2-0: Foul Ball, location: 2F 2-1: Ball 3-1: Base on Balls
|
|
Batting: RHB Willis Suarez
|
0-0: Ball Jason Duncan steals 2nd base 1-0: Foul Ball, location: 2F 1-1: Ball 2-1: Ball 3-1: Foul Ball, location: 2F 3-2: Strikes out looking
|
|
Batting: RHB Marco Maggs
|
0-0: Foul Ball, location: 2F 0-1: Ball 1-1: Foul Ball, location: 2F 1-2: Ball 2-2: Foul Ball, location: 2F 2-2: SINGLE (Flyball, 3D, EV 96.9 MPH) Jason Duncan to third Runner from 3rd tries for Home, SAFE, throw by RF to home
|
|
Batting: RHB Jose Rolon
|
0-0: Ball 1-0: Called Strike 1-1: Foul Ball, location: 2F 1-2: Fly out, F9 (Flyball, 9LM, EV 86.2 MPH)
|
|
Batting: RHB David Rhodes
|
0-0: Ball Marco Maggs steals 2nd base 1-0: Ball 2-0: Foul Ball, location: 2F 2-1: Ball 3-1: Base on Balls
|
|
Batting: LHB Mario Nunez
|
0-0: Fly out, F9 (Flyball, 89S, EV 91.9 MPH)
|
| Bottom of the 2nd over - 1 run, 1 hit, 0 errors, 2 left on base; University of Michigan 0 - Clemson University 2 |
| TOP OF THE 3RD |
|
University of Michigan Wolverines batting - Pitching for Clemson University Tigers : RHP John Turner
|
|
Batting: LHB Murdock Cranton
|
0-0: Ball 1-0: SINGLE (Line Drive, 4MD, EV 103.1 MPH)
|
|
Batting: RHB Torsten Ernst
|
0-0: Swinging Strike 0-1: Called Strike 0-2: Strikes out swinging
|
|
Batting: RHB Chris Williamson
|
0-0: Ball 1-0: Swinging Strike 1-1: Called Strike 1-2: Foul Ball, location: 2F 1-2: Ball 2-2: Strikes out looking
|
|
Batting: LHB Omar Gutierrez
|
0-0: Ball 1-0: Ball 2-0: Fielders Choice at 2nd, 5-4 (Groundball, 5, EV 108.8 MPH)
|
| Top of the 3rd over - 0 runs, 1 hit, 0 errors, 1 left on base; University of Michigan 0 - Clemson University 2 |
| BOTTOM OF THE 3RD |
|
Clemson University Tigers batting - Pitching for University of Michigan Wolverines : RHP Henrik Berg
|
|
Batting: LHB Steve Gates
|
0-0: Foul Ball, location: 2F 0-1: Ball 1-1: Called Strike 1-2: Ball 2-2: SINGLE (Groundball, 34, EV 103.1 MPH)
|
|
Batting: RHB Josh LeSage
|
0-0: Ball 1-0: Called Strike 1-1: Ball 2-1: Ball 3-1: Base on Balls Steve Gates to second
|
|
Batting: LHB George Jedinak
|
0-0: SINGLE (Groundball, 6D, EV 102.5 MPH) Steve Gates to third Josh LeSage to second Runner from 3rd tries for Home, SAFE, throw by LF to home
|
|
Batting: RHB Jason Duncan
|
0-0: Ball 1-0: TRIPLE (Flyball, 78XD, EV 104.4 MPH) Josh LeSage scores George Jedinak scores
|
|
Batting: RHB Willis Suarez
|
0-0: Ball 1-0: Ball 2-0: Ball 3-0: Called Strike 3-1: Foul Ball, location: 2F 3-2: Base on Balls
|
|
Batting: RHB Marco Maggs
|
0-0: Called Strike 0-1: Ball 1-1: Fly out, F8 (Line Drive, 8LD, EV 101.2 MPH) Runner from 3rd tags up, OUT at HOME! 8-2 Willis Suarez to second
|
|
Batting: RHB Jose Rolon
|
0-0: Foul Ball, location: 2F 0-1: Ground out 5-3 (Groundball, 5, EV 81.2 MPH)
|
| Bottom of the 3rd over - 3 runs, 3 hits, 0 errors, 1 left on base; University of Michigan 0 - Clemson University 5 |
| TOP OF THE 4TH |
|
University of Michigan Wolverines batting - Pitching for Clemson University Tigers : RHP John Turner
|
|
Batting: RHB Danny Arroyo
|
0-0: Ground out 1-3 (Groundball, 13S, EV 70.0 MPH)
|
|
Batting: RHB Quirino Portel
|
0-0: Ball 1-0: Ball 2-0: Ball 3-0: Called Strike 3-1: Base on Balls
|
|
Batting: LHB Lance Sabo
|
0-0: Swinging Strike 0-1: Ball 1-1: Foul Ball, location: 2F 1-2: Ball 2-2: Strikes out swinging Quirino Portel steals 2nd base Batter strikes out.
|
|
Batting: RHB Aaron Marakovits
|
0-0: Ball 1-0: Called Strike 1-1: Foul Ball, location: 2F 1-2: Strikes out swinging
|
| Top of the 4th over - 0 runs, 0 hits, 0 errors, 1 left on base; University of Michigan 0 - Clemson University 5 |
| BOTTOM OF THE 4TH |
|
Clemson University Tigers batting - Pitching for University of Michigan Wolverines : RHP Henrik Berg
|
|
Batting: RHB David Rhodes
|
0-0: Ball 1-0: Ball 2-0: Foul Ball, location: 2F 2-1: Fly out, F3 (Popup, 3, EV 63.1 MPH)
|
|
Batting: LHB Mario Nunez
|
0-0: Ball 1-0: Called Strike 1-1: Called Strike 1-2: Ball 2-2: Ball 3-2: Base on Balls
|
|
Batting: LHB Steve Gates
|
0-0: Ball 1-0: Ball 2-0: Ball 3-0: Called Strike 3-1: Foul Ball, location: 2F 3-2: Strikes out swinging Mario Nunez steals 2nd, throwing error, E2 Mario Nunez to third
|
|
Batting: RHB Josh LeSage
|
0-0: Ball 1-0: Called Strike 1-1: DOUBLE (Line Drive, 5D, EV 105.6 MPH) Mario Nunez scores
|
|
Batting: LHB George Jedinak
|
0-0: Swinging Strike 0-1: Ball 1-1: SINGLE (Line Drive, 4D, EV 108.8 MPH) Josh LeSage to third Runner from 3rd tries for Home, SAFE, throw by CF to home
|
|
Batting: RHB Jason Duncan
|
0-0: Fielders Choice at 2nd, 6-4 (Groundball, 6, EV 105.6 MPH)
|
| Bottom of the 4th over - 2 runs, 2 hits, 1 error, 1 left on base; University of Michigan 0 - Clemson University 7 |
| TOP OF THE 5TH |
|
University of Michigan Wolverines batting - Pitching for Clemson University Tigers : RHP John Turner
|
|
Batting: RHB Mario Cruz
|
0-0: Called Strike 0-1: Ball 1-1: Ball 2-1: Ball 3-1: Called Strike 3-2: Base on Balls
|
|
Batting: LHB Murdock Cranton
|
0-0: Ball 1-0: Foul Ball, location: 2F 1-1: SINGLE (Groundball, 4MD, EV 103.8 MPH) Mario Cruz to second
|
|
Batting: RHB Torsten Ernst
|
0-0: Fly out, F8 (Flyball, 8RD, EV 107.5 MPH)
|
|
Batting: RHB Chris Williamson
|
0-0: Called Strike 0-1: Ball 1-1: Reached on error, E6 (Groundball, 6, EV 105.6 MPH) Mario Cruz to third Murdock Cranton to second
|
|
Batting: LHB Omar Gutierrez
|
0-0: Ball 1-0: Grounds into double play, 5-4-3 (Groundball, 5, EV 83.8 MPH)
|
| Top of the 5th over - 0 runs, 1 hit, 1 error, 2 left on base; University of Michigan 0 - Clemson University 7 |
| BOTTOM OF THE 5TH |
|
Clemson University Tigers batting - Pitching for University of Michigan Wolverines : RHP Henrik Berg
|
|
Batting: RHB Willis Suarez
|
0-0: Called Strike 0-1: Called Strike 0-2: SOLO HOME RUN (Flyball, 7D, EV 108.8 MPH), Distance : 411 ft
|
|
Batting: RHB Marco Maggs
|
0-0: DOUBLE (Flyball, 8RD, EV 91.2 MPH)
|
|
Batting: RHB Jose Rolon
|
0-0: Foul Ball, location: 2F 0-1: Ball 1-1: Ball 2-1: Foul Ball, location: 2F 2-2: Strikes out swinging
|
|
Batting: RHB David Rhodes
|
0-0: Fly out, F7 (Flyball, 7, EV 87.5 MPH)
|
|
Batting: LHB Mario Nunez
|
0-0: Hit by Pitch
|
|
Batting: LHB Steve Gates
|
0-0: Ball 1-0: Foul Ball, location: 2F 1-1: Ball 2-1: Ball 3-1: Base on Balls Marco Maggs to third Mario Nunez to second
|
|
Batting: RHB Josh LeSage
|
0-0: SINGLE (Line Drive, 9S, EV 110.6 MPH) Marco Maggs scores Mario Nunez to third Steve Gates to second Runner from 3rd tries for Home, SAFE, throw by RF to home
|
|
Batting: LHB George Jedinak
|
0-0: Ground out 4-3 (Groundball, 4S, EV 90.0 MPH)
|
| Bottom of the 5th over - 3 runs, 3 hits, 0 errors, 2 left on base; University of Michigan 0 - Clemson University 10 |
| TOP OF THE 6TH |
|
University of Michigan Wolverines batting - Pitching for Clemson University Tigers : RHP John Turner
|
|
Batting: RHB Danny Arroyo
|
0-0: Ball 1-0: Swinging Strike 1-1: Ground out 6-3 (Groundball, 6, EV 83.8 MPH)
|
|
Batting: RHB Quirino Portel
|
0-0: Swinging Strike 0-1: SINGLE (Groundball, 25, EV 76.2 MPH) (infield hit)
|
|
Batting: LHB Lance Sabo
|
0-0: Called Strike 0-1: Called Strike 0-2: Ball 1-2: Strikes out swinging
|
|
Batting: RHB Aaron Marakovits
|
0-0: Called Strike 0-1: Swinging Strike 0-2: Foul Ball, location: 2F 0-2: Strikes out swinging
|
| Top of the 6th over - 0 runs, 1 hit, 0 errors, 1 left on base; University of Michigan 0 - Clemson University 10 |
| BOTTOM OF THE 6TH |
|
Clemson University Tigers batting - Pitching for University of Michigan Wolverines : RHP Henrik Berg
|
|
Batting: RHB Jason Duncan
|
0-0: Fly out, F8 (Flyball, 8RM, EV 88.1 MPH)
|
|
Batting: RHB Willis Suarez
|
0-0: Fly out, F9 (Flyball, 9D, EV 95.6 MPH)
|
|
Batting: RHB Marco Maggs
|
0-0: SINGLE (Line Drive, 4MD, EV 103.1 MPH)
|
|
Batting: RHB Jose Rolon
|
0-0: Fielders Choice at 2nd, 5-4 (Groundball, 56, EV 86.2 MPH)
|
| Bottom of the 6th over - 0 runs, 1 hit, 0 errors, 1 left on base; University of Michigan 0 - Clemson University 10 |
| TOP OF THE 7TH |
|
University of Michigan Wolverines batting - Pitching for Clemson University Tigers : RHP John Turner
|
|
Batting: RHB Mario Cruz
|
0-0: Ball 1-0: SINGLE (Groundball, 23, EV 68.8 MPH) (infield hit)
|
|
Batting: LHB Murdock Cranton
|
0-0: Ball 1-0: Foul Ball, location: 2F 1-1: Foul Ball, location: 2F 1-2: Ball 2-2: Grounds into double play, 4-6-3 (Groundball, 4, EV 91.2 MPH)
|
|
Batting: RHB Torsten Ernst
|
0-0: Ball 1-0: Ball 2-0: Ball 3-0: Called Strike 3-1: Base on Balls
|
|
Batting: RHB Chris Williamson
|
0-0: Called Strike 0-1: Swinging Strike 0-2: Ball 1-2: Ball 2-2: Foul Ball, location: 2F 2-2: Strikes out swinging
|
| Top of the 7th over - 0 runs, 1 hit, 0 errors, 1 left on base; University of Michigan 0 - Clemson University 10 |
| BOTTOM OF THE 7TH |
|
Clemson University Tigers batting - Pitching for University of Michigan Wolverines : RHP Henrik Berg
|
|
Batting: RHB David Rhodes
|
0-0: Ball 1-0: Foul Ball, location: 2F 1-1: Ball 2-1: Foul Ball, location: 2F 2-2: Ball 3-2: Foul Ball, location: 2F 3-2: Base on Balls
|
|
Batting: LHB Mario Nunez
|
0-0: Called Strike 0-1: Ball 1-1: Called Strike 1-2: Fielders Choice at 2nd, 3-6 (Groundball, 34, EV 91.2 MPH)
|
|
Batting: LHB Steve Gates
|
0-0: Ball 1-0: Ball 2-0: Ball 3-0: Base on Balls Mario Nunez to second
|
|
Batting: RHB Josh LeSage
|
0-0: 3-RUN HOME RUN (Flyball, 9D, EV 98.1 MPH), Distance : 401 ft
|
|
Batting: LHB George Jedinak
|
0-0: Ball 1-0: Ball 2-0: Called Strike 2-1: Called Strike 2-2: Ball 3-2: Strikes out swinging
|
|
Batting: RHB Jason Duncan
|
0-0: SINGLE (Groundball, 6D, EV 107.5 MPH)
|
|
Batting: RHB Willis Suarez
|
0-0: Ground out 4-3 (Groundball, 4, EV 80.6 MPH)
|
| Bottom of the 7th over - 3 runs, 2 hits, 0 errors, 1 left on base; University of Michigan 0 - Clemson University 13 |
| TOP OF THE 8TH |
|
University of Michigan Wolverines batting - Pitching for Clemson University Tigers : RHP John Turner
|
|
Pitching: LHP Jonathan Hughes
|
|
|
Batting: LHB Omar Gutierrez
|
0-0: Ball 1-0: Ball 2-0: Foul Ball, location: 2F 2-1: Called Strike 2-2: DOUBLE (Flyball, 78D, EV 108.8 MPH)
|
|
Batting: RHB Danny Arroyo
|
0-0: Ball 1-0: Swinging Strike 1-1: Ground out 6-3 (Groundball, 6, EV 91.2 MPH)
|
|
Batting: RHB Quirino Portel
|
0-0: Swinging Strike 0-1: Foul Ball, location: 2F 0-2: Ball 1-2: Ball 2-2: Strikes out swinging
|
|
Batting: LHB Lance Sabo
|
0-0: Ball 1-0: SINGLE (Flyball, 9, EV 99.4 MPH) Omar Gutierrez to third Runner from 3rd tries for Home, throw by RF and OUT! 9-2
|
| Top of the 8th over - 0 runs, 2 hits, 0 errors, 1 left on base; University of Michigan 0 - Clemson University 13 |
| BOTTOM OF THE 8TH |
|
Clemson University Tigers batting - Pitching for University of Michigan Wolverines : RHP Henrik Berg
|
|
Batting: RHB Marco Maggs
|
0-0: Fly out, F9 (Flyball, 89M, EV 91.2 MPH)
|
|
Batting: RHB Jose Rolon
|
0-0: Ball 1-0: Ground out 6-3 (Groundball, 6, EV 93.1 MPH)
|
|
Batting: RHB David Rhodes
|
0-0: Ball 1-0: Ball 2-0: Foul Ball, location: 2F 2-1: Ball 3-1: Base on Balls
|
|
Batting: LHB Mario Nunez
|
0-0: Foul Ball, location: 2F 0-1: Called Strike 0-2: Strikes out looking
|
| Bottom of the 8th over - 0 runs, 0 hits, 0 errors, 1 left on base; University of Michigan 0 - Clemson University 13 |
| TOP OF THE 9TH |
|
University of Michigan Wolverines batting - Pitching for Clemson University Tigers : LHP Jonathan Hughes
|
|
Batting: RHB Aaron Marakovits
|
0-0: Fly out, F8 (Flyball, 78M, EV 90.0 MPH)
|
|
Batting: RHB Mario Cruz
|
0-0: Called Strike 0-1: SOLO HOME RUN (Flyball, 78XD, EV 104.4 MPH), Distance : 413 ft
|
|
Batting: LHB Murdock Cranton
|
0-0: Ground out U3 (Groundball, 3, EV 94.4 MPH)
|
|
Batting: RHB Torsten Ernst
|
0-0: Ball 1-0: Fly out, F8 (Flyball, 78D, EV 86.9 MPH)
|
| Top of the 9th over - 1 run, 1 hit, 0 errors, 0 left on base; University of Michigan 1 - Clemson University 13 |
|